TOP OF THE 1ST |
Staten Island Yankees batting - Pitching for Idaho Falls Chukars : LHP Katsusuke Suyama
|
Pitching: LHP Katsusuke Suyama
|
|
Batting: RHB Francisco Vargas
|
0-0: Ball 1-0: Called Strike 1-1: Ball 2-1: DOUBLE (Line Drive, 7LS, EV 107.5 MPH)
|
Batting: RHB Brian Warren
|
0-0: Ball 1-0: Ground out 1-3 (Groundball, 15S, EV 72.5 MPH)
|
Batting: SHB Corey Penson
|
0-0: Fly out, F8 (Line Drive, 8LM, EV 89.4 MPH)
|
Batting: RHB Nick Murray
|
0-0: Ball 1-0: Ball 2-0: Ball 3-0: Base on Balls
|
Batting: SHB Adam Slade
|
0-0: Called Strike 0-1: Foul Ball, location: 2F 0-2: Ball 1-2: Ball 2-2: Foul Ball, location: 2F 2-2: Ground out 5-3 (Groundball, 56S, EV 91.9 MPH)
|
Top of the 1st over - 0 runs, 1 hit, 0 errors, 2 left on base; Staten Island 0 - Idaho Falls 0 |
BOTTOM OF THE 1ST |
Idaho Falls Chukars batting - Pitching for Staten Island Yankees : RHP Bret Davies
|
Pitching: RHP Bret Davies
|
|
Batting: RHB Brett Steele
|
0-0: Ball 1-0: Ball 2-0: Ball 3-0: Called Strike 3-1: Called Strike 3-2: Ground out 6-3 (Groundball, 6, EV 100.0 MPH)
|
Batting: SHB Darius Vinson
|
0-0: Ball 1-0: Foul Ball, location: 2F 1-1: Called Strike 1-2: Strikes out swinging
|
Batting: RHB Chang-keun Baik
|
0-0: Ball 1-0: Ball 2-0: SINGLE (Groundball, 6MS, EV 68.8 MPH) (infield hit)
|
Batting: LHB Corey Lewis
|
0-0: Called Strike 0-1: Ball 1-1: Ball 2-1: Ball 3-1: Base on Balls Chang-keun Baik to second
|
Batting: LHB Edgar Ortiz
|
0-0: Ball 1-0: Ball 2-0: Foul Ball, location: 2F 2-1: Foul Ball, location: 2F 2-2: Strikes out swinging
|
Bottom of the 1st over - 0 runs, 1 hit, 0 errors, 2 left on base; Staten Island 0 - Idaho Falls 0 |
TOP OF THE 2ND |
Staten Island Yankees batting - Pitching for Idaho Falls Chukars : LHP Katsusuke Suyama
|
Batting: LHB Mike Schermerhorn
|
0-0: Ball 1-0: Foul Ball, location: 2F 1-1: Swinging Strike 1-2: Ball 2-2: Foul Ball, location: 2F 2-2: Ball 3-2: Base on Balls
|
Batting: RHB Nate Singleton
|
0-0: Called Strike 0-1: Ball 1-1: Foul Ball, location: 2F 1-2: Grounds into double play, 5-4-3 (Groundball, 5L, EV 82.5 MPH)
|
Batting: LHB Dario Segura
|
0-0: Ball 1-0: Called Strike 1-1: Called Strike 1-2: Ball 2-2: Ball 3-2: Foul Ball, location: 2F 3-2: Ground out 6-3 (Groundball, 6, EV 80.6 MPH)
|
Top of the 2nd over - 0 runs, 0 hits, 0 errors, 0 left on base; Staten Island 0 - Idaho Falls 0 |
BOTTOM OF THE 2ND |
Idaho Falls Chukars batting - Pitching for Staten Island Yankees : RHP Bret Davies
|
Batting: RHB Vance Coen
|
0-0: Ball 1-0: Foul Ball, location: 2F 1-1: SINGLE (Groundball, 34D, EV 106.9 MPH)
|
Batting: SHB Danny Ballenger
|
0-0: Foul Ball, location: 2F 0-1: SINGLE (Groundball, 34D, EV 103.8 MPH) Vance Coen to second Runner from 2nd tries for 3rd, SAFE, throw by RF made to third
|
Batting: RHB Adam Krieger
|
0-0: Foul Ball, location: 2F 0-1: Ball 1-1: Foul Ball, location: 2F 1-2: Ball 2-2: Fly out, F9 (Flyball, 89S, EV 88.1 MPH)
|
Batting: RHB Rogelio Losano
|
0-0: Ball 1-0: Swinging Strike 1-1: Foul Ball, location: 2F 1-2: Strikes out looking
|
Batting: RHB Brett Steele
|
0-0: Ball 1-0: Called Strike 1-1: Foul Ball, location: 2F 1-2: Ball 2-2: Ball 3-2: Base on Balls Danny Ballenger to second
|
Batting: SHB Darius Vinson
|
0-0: Ball 1-0: Foul Ball, location: 2F 1-1: Ball 2-1: Swinging Strike 2-2: Strikes out swinging
|
Bottom of the 2nd over - 0 runs, 2 hits, 0 errors, 3 left on base; Staten Island 0 - Idaho Falls 0 |
TOP OF THE 3RD |
Staten Island Yankees batting - Pitching for Idaho Falls Chukars : LHP Katsusuke Suyama
|
Batting: RHB Pat Pemberton
|
0-0: Ball 1-0: Ball 2-0: Fly out, F8 (Flyball, 89D, EV 81.2 MPH)
|
Batting: RHB Francisco Vargas
|
0-0: Ball 1-0: Called Strike 1-1: Ball 2-1: Called Strike 2-2: Strikes out swinging
|
Batting: RHB Brian Warren
|
0-0: Called Strike 0-1: Called Strike 0-2: Ball 1-2: Strikes out swinging
|
Top of the 3rd over - 0 runs, 0 hits, 0 errors, 0 left on base; Staten Island 0 - Idaho Falls 0 |
BOTTOM OF THE 3RD |
Idaho Falls Chukars batting - Pitching for Staten Island Yankees : RHP Bret Davies
|
Batting: RHB Chang-keun Baik
|
0-0: Ball 1-0: Ball 2-0: Called Strike 2-1: Swinging Strike 2-2: Foul Ball, location: 2F 2-2: Strikes out swinging
|
Batting: LHB Corey Lewis
|
0-0: SINGLE (Groundball, 34D, EV 97.5 MPH)
|
Batting: LHB Edgar Ortiz
|
0-0: Foul Ball, location: 2F 0-1: Ball 1-1: Called Strike 1-2: Ball 2-2: Foul Ball, location: 2F 2-2: Ball 3-2: Foul Ball, location: 2F 3-2: Fielders Choice at 2nd, 5-4 (Groundball, 5, EV 78.1 MPH)
|
Batting: RHB Vance Coen
|
0-0: Swinging Strike 0-1: Ball 1-1: Ball 2-1: Foul Ball, location: 2F 2-2: Ball 3-2: Foul Ball, location: 2F 3-2: Foul Ball, location: 2F 3-2: Base on Balls Edgar Ortiz to second
|
Batting: SHB Danny Ballenger
|
0-0: Called Strike 0-1: Foul Ball, location: 2F 0-2: Fly out, F9 (Flyball, 89S, EV 98.1 MPH)
|
Bottom of the 3rd over - 0 runs, 1 hit, 0 errors, 2 left on base; Staten Island 0 - Idaho Falls 0 |
TOP OF THE 4TH |
Staten Island Yankees batting - Pitching for Idaho Falls Chukars : LHP Katsusuke Suyama
|
Batting: SHB Corey Penson
|
0-0: Ball 1-0: Fly out, F7 (Flyball, 7D, EV 94.4 MPH)
|
Pitching: RHP Greg Sell
|
|
Batting: RHB Nick Murray
|
0-0: Ball 1-0: Ball 2-0: Ball 3-0: Called Strike 3-1: Foul Ball, location: 2F 3-2: Foul Ball, location: 2F 3-2: Foul Ball, location: 2F 3-2: Ground out 5-3 (Groundball, 56, EV 80.6 MPH)
|
Batting: SHB Adam Slade
|
0-0: Called Strike 0-1: Swinging Strike 0-2: Ball 1-2: Strikes out swinging
|
Top of the 4th over - 0 runs, 0 hits, 0 errors, 0 left on base; Staten Island 0 - Idaho Falls 0 |
BOTTOM OF THE 4TH |
Idaho Falls Chukars batting - Pitching for Staten Island Yankees : RHP Bret Davies
|
Batting: RHB Adam Krieger
|
0-0: Called Strike 0-1: Ball 1-1: Swinging Strike 1-2: Ball 2-2: Foul Ball, location: 2F 2-2: Strikes out looking
|
Batting: RHB Rogelio Losano
|
0-0: Ball 1-0: Ball 2-0: Ball 3-0: Base on Balls
|
Batting: RHB Brett Steele
|
0-0: Ball 1-0: Ball 2-0: Swinging Strike 2-1: Called Strike 2-2: Ball 3-2: Base on Balls Rogelio Losano to second
|
Pitching: RHP Jake Bryant
|
|
Batting: SHB Darius Vinson
|
0-0: Ball 1-0: Ball 2-0: Ball Wild Pitch! Rogelio Losano to third Brett Steele to second 3-0: Called Strike 3-1: Base on Balls
|
Batting: RHB Chang-keun Baik
|
0-0: Ball 1-0: Ball 2-0: Ball 3-0: Called Strike 3-1: Base on Balls Rogelio Losano scores Brett Steele to third Darius Vinson to second
|
Batting: LHB Corey Lewis
|
0-0: Called Strike 0-1: Called Strike 0-2: Ball 1-2: Fielders Choice at 2nd, 3-6 (Groundball, 3, EV 83.1 MPH) Brett Steele scores Darius Vinson to third
|
Batting: LHB Edgar Ortiz
|
0-0: Ball 1-0: Ball 2-0: Fly out, F7 (Flyball, 7D, EV 98.1 MPH)
|
Bottom of the 4th over - 2 runs, 0 hits, 0 errors, 2 left on base; Staten Island 0 - Idaho Falls 2 |
TOP OF THE 5TH |
Staten Island Yankees batting - Pitching for Idaho Falls Chukars : RHP Greg Sell
|
Batting: LHB Mike Schermerhorn
|
0-0: Ball 1-0: Ball 2-0: Called Strike 2-1: DOUBLE (Flyball, 8LXD, EV 108.8 MPH)
|
Pinch Runner at 2nd Joe Vida:
|
|
Batting: RHB Nate Singleton
|
0-0: Ball 1-0: Ball 2-0: DOUBLE (Line Drive, 8LD, EV 111.9 MPH) Joe Vida scores
|
Batting: LHB Dario Segura
|
0-0: Foul Ball, location: 2F 0-1: Ball 1-1: Ball 2-1: Called Strike 2-2: Ground out 5-3 (Groundball, 15, EV 84.4 MPH)
|
Batting: RHB Pat Pemberton
|
0-0: Foul Ball, location: 2F 0-1: Ball Passed Ball! Nate Singleton to third 1-1: Ball 2-1: Swinging Strike 2-2: Strikes out swinging
|
Batting: RHB Francisco Vargas
|
0-0: Ball 1-0: Foul Ball, location: 2F 1-1: Ground out 6-3 (Groundball, 6, EV 81.2 MPH)
|
Top of the 5th over - 1 run, 2 hits, 0 errors, 1 left on base; Staten Island 1 - Idaho Falls 2 |
BOTTOM OF THE 5TH |
Idaho Falls Chukars batting - Pitching for Staten Island Yankees : RHP Jake Bryant
|
Now in RF: Joe Vida
|
|
Batting: RHB Vance Coen
|
0-0: Called Strike 0-1: Ball 1-1: Foul Ball, location: 2F 1-2: Strikes out swinging
|
Batting: SHB Danny Ballenger
|
0-0: Ball 1-0: SOLO HOME RUN (Flyball, 9D, EV 98.1 MPH), Distance : 393 ft
|
Batting: RHB Adam Krieger
|
0-0: Called Strike 0-1: Swinging Strike 0-2: Foul Ball, location: 2F 0-2: Strikes out looking
|
Batting: RHB Rogelio Losano
|
0-0: Ball 1-0: Swinging Strike 1-1: Ball 2-1: Fly out, F8 (Flyball, 8LM, EV 85.6 MPH)
|
Bottom of the 5th over - 1 run, 1 hit, 0 errors, 0 left on base; Staten Island 1 - Idaho Falls 3 |
TOP OF THE 6TH |
Staten Island Yankees batting - Pitching for Idaho Falls Chukars : RHP Greg Sell
|
Batting: RHB Brian Warren
|
0-0: Called Strike 0-1: Called Strike 0-2: Ball 1-2: Fly out, F8 (Flyball, 8RS, EV 89.4 MPH)
|
Batting: SHB Corey Penson
|
0-0: Fly out, F8 (Flyball, 8LM, EV 91.2 MPH)
|
Batting: RHB Nick Murray
|
0-0: Ball 1-0: SINGLE (Groundball, 6MD, EV 98.8 MPH)
|
Batting: SHB Adam Slade
|
0-0: Foul Ball, location: 2F 0-1: Ball 1-1: Ball 2-1: Fielders Choice at 2nd, 6-4 (Groundball, 6, EV 88.1 MPH)
|
Top of the 6th over - 0 runs, 1 hit, 0 errors, 1 left on base; Staten Island 1 - Idaho Falls 3 |
BOTTOM OF THE 6TH |
Idaho Falls Chukars batting - Pitching for Staten Island Yankees : RHP Jake Bryant
|
Pitching: RHP Nate LaCava
|
|
Batting: RHB Brett Steele
|
0-0: Called Strike 0-1: Called Strike 0-2: Ball 1-2: Ball 2-2: Foul Ball, location: 2F 2-2: Ball 3-2: Foul Ball, location: 2F 3-2: SINGLE (Groundball, 6D, EV 105.6 MPH)
|
Batting: SHB Darius Vinson
|
0-0: Called Strike 0-1: Ball 1-1: Swinging Strike 1-2: Strikes out swinging
|
Batting: RHB Chang-keun Baik
|
0-0: Swinging Strike 0-1: Foul Ball, location: 2F 0-2: Strikes out swinging
|
Batting: LHB Corey Lewis
|
0-0: Swinging Strike 0-1: Foul Ball, location: 2F 0-2: Foul Ball, location: 2F 0-2: Ball 1-2: Foul Ball, location: 2F 1-2: Ball 2-2: Ball 3-2: Foul Ball, location: 2F 3-2: Strikes out looking
|
Bottom of the 6th over - 0 runs, 1 hit, 0 errors, 1 left on base; Staten Island 1 - Idaho Falls 3 |
TOP OF THE 7TH |
Staten Island Yankees batting - Pitching for Idaho Falls Chukars : RHP Greg Sell
|
Batting: LHB Joe Vida
|
0-0: Ball 1-0: Ball 2-0: Called Strike 2-1: Foul Ball, location: 2F 2-2: Ground out 5-3 (Groundball, 5, EV 91.2 MPH)
|
Pitching: LHP Tyler Abraham
|
|
Batting: RHB Nate Singleton
|
0-0: Swinging Strike 0-1: Ball 1-1: Called Strike 1-2: Foul Ball, location: 2F 1-2: Ball 2-2: Strikes out swinging
|
Batting: LHB Dario Segura
|
0-0: Fly out, F6 (Popup, P, EV 76.9 MPH)
|
Top of the 7th over - 0 runs, 0 hits, 0 errors, 0 left on base; Staten Island 1 - Idaho Falls 3 |
BOTTOM OF THE 7TH |
Idaho Falls Chukars batting - Pitching for Staten Island Yankees : RHP Nate LaCava
|
Batting: LHB Edgar Ortiz
|
0-0: Ball 1-0: Fly out, F7 (Line Drive, 78M, EV 101.9 MPH)
|
Batting: RHB Vance Coen
|
0-0: Ground out 5-3 (Groundball, 56S, EV 85.0 MPH)
|
Pitching: RHP Chris Hodge
|
|
Batting: SHB Danny Ballenger
|
0-0: Ball 1-0: Swinging Strike 1-1: Swinging Strike 1-2: Strikes out swinging
|
Bottom of the 7th over - 0 runs, 0 hits, 0 errors, 0 left on base; Staten Island 1 - Idaho Falls 3 |
TOP OF THE 8TH |
Staten Island Yankees batting - Pitching for Idaho Falls Chukars : LHP Tyler Abraham
|
Batting: RHB Pat Pemberton
|
0-0: Ball 1-0: SINGLE (Groundball, 4MD, EV 96.2 MPH)
|
Batting: RHB Francisco Vargas
|
0-0: Called Strike 0-1: Foul Ball, location: 2F 0-2: Ball Wild Pitch! Pat Pemberton to second 1-2: Strikes out swinging
|
Batting: RHB Brian Warren
|
0-0: Ball 1-0: Foul Ball, location: 2F 1-1: Ball 2-1: Foul Ball, location: 2F 2-2: DOUBLE (Line Drive, 89D, EV 113.8 MPH) Pat Pemberton scores
|
Batting: SHB Corey Penson
|
0-0: Ball 1-0: Ball 2-0: Ground out 4-3 (Groundball, 4, EV 83.1 MPH) Brian Warren to third
|
Batting: RHB Nick Murray
|
0-0: Fly out, F6 (Line Drive, 6, EV 70.6 MPH)
|
Top of the 8th over - 1 run, 2 hits, 0 errors, 1 left on base; Staten Island 2 - Idaho Falls 3 |
BOTTOM OF THE 8TH |
Idaho Falls Chukars batting - Pitching for Staten Island Yankees : RHP Chris Hodge
|
Batting: RHB Adam Krieger
|
0-0: Called Strike 0-1: Ball 1-1: Called Strike 1-2: Fly out, F7 (Flyball, 7LSF, EV 86.9 MPH)
|
Batting: RHB Rogelio Losano
|
0-0: Called Strike 0-1: Swinging Strike 0-2: Ball 1-2: Ball 2-2: Foul Ball, location: 2F 2-2: Strikes out swinging
|
Batting: RHB Brett Steele
|
0-0: Called Strike 0-1: Called Strike 0-2: Ball 1-2: Foul Ball, location: 2F 1-2: Ball 2-2: Ball 3-2: Ground out 6-3 (Groundball, 6S, EV 85.6 MPH)
|
Bottom of the 8th over - 0 runs, 0 hits, 0 errors, 0 left on base; Staten Island 2 - Idaho Falls 3 |
TOP OF THE 9TH |
Staten Island Yankees batting - Pitching for Idaho Falls Chukars : LHP Tyler Abraham
|
Batting: SHB Adam Slade
|
0-0: Ball 1-0: Called Strike 1-1: Foul Ball, location: 2F 1-2: Strikes out swinging
|
Pinch Hitting: SHB Josh Parker
|
0-0: Ball 1-0: Ball 2-0: Foul Ball, location: 2F 2-1: Ground out 6-3 (Groundball, 56, EV 92.5 MPH)
|
Batting: RHB Nate Singleton
|
0-0: Called Strike 0-1: Ball 1-1: Ball 2-1: Ball 3-1: Ground out 4-3 (Groundball, 34D, EV 85.0 MPH)
|
Top of the 9th over - 0 runs, 0 hits, 0 errors, 0 left on base; Staten Island 2 - Idaho Falls 3 |
|